 Dungeon Crawl Stone Soup version 0.19.1-1-g22dce08 (webtiles) character file.

3975 M4edhros the Shield-Bearer (level 10, -9/74 HPs)
             Began as a Formicid Conjurer on Jan 3, 2017.
             Was a Believer of Dithmenos.
             Mangled by a wyvern (16 damage)
             ... on level 10 of the Dungeon.
             The game lasted 00:20:48 (9925 turns).

M4edhros the Shield-Bearer (Formicid Conjurer)      Turns: 9925, Time: 00:20:49

Health: -9/74      AC:  4    Str: 14      XL:     10   Next: 45%
Magic:  1/17       EV: 14    Int: 20      God:    Dithmenos [**....]
Gold:   248        SH: 10    Dex: 11 (13) Spells: 5 memorised, 5 levels left

rFire  . . .     SeeInvis +     f - +2 whip (elec)
rCold  . . .     Gourm    .     a - +0 robe
rNeg   . . .     Faith    .     M - +0 shield (curse)
rPois  .         Spirit   .     (helmet unavailable)
rElec  .         Reflect  .     (no cloak)
rCorr  .         Harm     .     v - +1 pair of gloves
MR     +....                    (no boots)
Stlth  ++........               E - amulet of regeneration
                                (no ring)
                                C - +5 ring of intelligence

@: wreathed by umbra
A: permanent stasis, dig shafts and tunnels, four strong arms, antennae 3
a: Dig, Shaft Self, Shadow Step, Renounce Religion


You were on level 10 of the Dungeon.
You worshipped Dithmenos.
Dithmenos was pleased with you.
You were not hungry.

You visited 1 branch of the dungeon, and saw 10 of its levels.

You collected 573 gold pieces.
You spent 325 gold pieces at shops.

Inventory:

Hand Weapons
 f - a +2 whip of electrocution (weapon)
 g - a +0 dagger
 m - a +0 hunting sling
 o - a +2 hand axe of freezing
 y - a +0 halberd
Missiles
 n - 259 stones (quivered)
Armour
 a - a +0 robe (worn)
 q - a +0 buckler
 v - a +1 pair of gloves (worn)
 M - a cursed +0 shield (worn)
Jewellery
 p - an uncursed amulet of guardian spirit
 C - a +5 ring of intelligence (left hand)
 E - an amulet of regeneration (around neck)
 J - a +3 amulet of reflection
Wands
 K - a wand of digging (2/24)
 L - a wand of slowing (17/48)
Scrolls
 d - 5 scrolls of remove curse {unknown}
 e - 3 scrolls of magic mapping {unknown}
 i - 4 scrolls of recharging {unknown}
 j - a scroll of fog {unknown}
 k - 5 scrolls of identify
 l - 2 scrolls of teleportation {unknown}
 s - 5 scrolls of amnesia {unknown}
 u - 2 scrolls of fear {unknown}
 z - a scroll of immolation {unknown}
 B - a scroll of random uselessness {unknown}
 D - 3 scrolls of enchant weapon {unknown}
 F - 3 scrolls of blinking {unknown}
 I - 2 scrolls of enchant armour {unknown}
 N - a scroll of vulnerability {unknown}
 O - a scroll of summoning {unknown}
Potions
 h - a potion of haste
 t - 3 potions of flight
 H - a potion of might
Books
 b - a book of Conjurations

   Spells                             Type                      Level
   a - Magic Dart                     Conjuration                  1
   b - Searing Ray                    Conjuration                  2
   c - Dazzling Spray                 Conjuration/Hexes            3
   d - Fulminant Prism                Conjuration/Hexes            4
   e - Iskenderun's Mystic Blast      Conjuration                  4
   f - Iskenderun's Battlesphere      Conjuration/Charms           5
 w - a book of Misfortune

   Spells                             Type                      Level
   a - Confusing Touch                Hexes                        1
   b - Confuse                        Hexes                        3
   c - Gell's Gravitas                Hexes/Translocation          3
   d - Petrify                        Transmutation/Earth          4
   e - Metabolic Englaciation         Hexes/Ice                    5
   f - Yara's Violent Unravelling     Hexes/Transmutation          5
 A - a book of Necromancy

   Spells                             Type                      Level
   a - Pain                           Necromancy                   1
   b - Animate Skeleton               Necromancy                   1
   c - Vampiric Draining              Necromancy                   3
   d - Regeneration                   Charms/Necromancy            3
   e - Animate Dead                   Necromancy                   4
   f - Control Undead                 Necromancy                   4
Comestibles
 c - 6 bread rations
 r - a slice of pizza
 x - 9 fruits
 G - 3 meat rations


   Skills:
 - Level 5.3 Fighting
 - Level 5.3 Polearms
 + Level 2.4 Armour
 + Level 5.7 Dodging
 - Level 2.4 Stealth
 * Level 7.6 Shields
 + Level 5.1 Spellcasting
 + Level 7.0 Conjurations
 + Level 2.3 Hexes


You had 5 spell levels left.
You knew the following spells:

 Your Spells              Type           Power        Failure   Level  Hunger
a - Magic Dart            Conj           ####         1%          1    None
b - Searing Ray           Conj           ####..       1%          2    None
c - Dazzling Spray        Conj/Hex       ###...       10%         3    ##.....
d - Fulminant Prism       Conj/Hex       ###.......   28%         4    ####...
e - Iskenderun's Mystic   Conj           ####....     12%         4    ####...


Dungeon Overview and Level Annotations

Branches:
Dungeon (11/15)            Temple (0/1) D:6            Lair (0/6) D:10
    Orc: D:9-12

Altars:
Ashenzari
Dithmenos
Sif Muna
Trog
Uskayaw
Xom

Shops:
D:6 %   D:11 =

Annotations:
D:8 Erica
D:10 exclusion: oklob plant


Innate Abilities, Weirdness & Mutations

You are under a permanent stasis effect.
You can dig through walls and to a lower floor.
Your four strong arms can wield two-handed weapons with a shield.
You have a pair of large antennae on your head. (SInv)


Message History

The wyvern is almost dead.
The wyvern bites you!! You block the wyvern's attack.
You barely miss the wyvern.
The wyvern is almost dead.
The wyvern closely misses you.
You hit the wyvern but do no damage.
The wyvern is almost dead.
The wyvern bites you!!
* * * LOW HITPOINT WARNING * * *
The wyvern bites you.
* * * LOW HITPOINT WARNING * * *
Okay, then.
Evoke which item? (* to show all) (? for menu, Esc to quit)
Okay, then.
Okay, then.
Are you sure you want to shaft yourself?
You feel somewhat more hungry. You block the wyvern's attack. x2
You begin to dig a shaft.
You continue digging a shaft.
The wyvern bites you!
You die...

#.....#..###### #
#.............# #
#..........##.#
#..........##.#
#.######...##.#
#.######......# .
#.............##+#####
.
#......#####..l.......
#......# #.@#.....<.
#...##.# #..#....##.
#...##.# #..#.......
#......# #..#.......
#......# #..#.......
#......# #..........
#......## #..........
#.......# #### .#
#....#..#.)......##.
.. ...#


You could see a wyvern.

Vanquished Creatures
  A hill giant (D:10)
  Pikel (D:4)
  The ghost of M4edhros the Sneak, a novice OpAr (D:5)
  Prince Ribbit (D:7)
  Menkaure (D:7)
  An orc warrior (D:6)
  2 slaves (D:4)
  2 phantoms
  An ice beast (D:7)
  A necrophage (D:7)
  3 ogres
  4 centaurs
  4 bullfrogs
  A wyvern zombie (D:10)
  A gnoll sergeant (D:6)
  A wyvern skeleton (D:10)
  2 scorpions
  A howler monkey (D:6)
  A bullfrog zombie (D:7)
  A crimson imp (D:8)
  A quasit (D:5)
  Crazy Yiuf (D:4)
  4 orc wizards
  A centaur skeleton (D:6)
  A jelly (D:7)
  3 orc priests
  3 hounds
  2 iguanas
  2 worker ants
  Natasha (twice) (D:4)
  8 gnolls
  13 adders
  2 shadow imps
  2 worms
  2 leopard geckos
  22 orcs
  A ball python (D:1)
  6 bats
  5 giant cockroaches
  9 goblins
  5 hobgoblins
  12 jackals
  6 quokkas
  A ball python skeleton (D:4)
  6 frilled lizards
  A jackal skeleton (D:8)
  6 kobolds
  7 rats
  A fungus (D:4)
166 creatures vanquished.

Vanquished Creatures (others)
  Natasha (D:4)
1 creature vanquished.

Grand Total: 167 creatures vanquished

Notes
Turn   | Place    | Note
-------+----------+-------------------------------------------
     0 | D:1      | M4edhros the Formicid Conjurer began the quest for the Orb.
     0 | D:1      | Reached XP level 1. HP: 13/13 MP: 3/3
   573 | D:1      | Reached XP level 2. HP: 18/19 MP: 5/5
   888 | D:1      | Learned a level 2 spell: Searing Ray
  1224 | D:2      | Reached skill level 1 in Shields
  1224 | D:2      | Reached XP level 3. HP: 24/24 MP: 6/6
  1252 | D:2      | Found a hide-covered altar of Uskayaw.
  1694 | D:2      | Found a shadowy altar of Dithmenos.
  1696 | D:2      | Reached XP level 4. HP: 30/30 MP: 7/7
  1713 | D:2      | Learned a level 3 spell: Dazzling Spray
  2022 | D:2      | Reached XP level 5. HP: 35/35 MP: 2/8
  2342 | D:2      | Became a worshipper of Dithmenos the Shadowed
  2592 | D:3      | Found a faded altar of an unknown god.
  3056 | D:4      | Found a runed door.
  3060 | D:4      | Noticed Crazy Yiuf
  3065 | D:4      | Killed Crazy Yiuf
  3065 | D:4      | Reached skill level 1 in Polearms
  3115 | D:4      | Noticed a slave
  3116 | D:4      | Noticed a slave
  3117 | D:4      | Noticed a slave
  3121 | D:4      | Noticed Pikel
  3131 | D:4      | Killed a slave
  3149 | D:4      | Killed a slave
  3172 | D:4      | Killed Pikel
  3172 | D:4      | Reached skill level 5 in Shields
  3172 | D:4      | Reached skill level 5 in Conjurations
  3172 | D:4      | Reached XP level 6. HP: 26/44 MP: 0/9
  3172 | D:4      | Reached XP level 7. HP: 29/50 MP: 0/10
  3371 | D:4      | Noticed Natasha
  3479 | D:4      | Killed Natasha
  3542 | D:4      | Noticed Natasha
  3554 | D:4      | Killed Natasha
  3693 | D:4      | Killed Natasha
  3846 | D:4      | Reached XP level 8. HP: 33/57 MP: 7/11
  4852 | D:5      | Entered Level 5 of the Dungeon
  5184 | D:5      | Found a shimmering altar of Xom.
  5185 | D:5      | Found a shimmering altar of Xom.
  5186 | D:5      | Found a shimmering altar of Xom.
  5186 | D:5      | Found a shimmering altar of Xom.
  5186 | D:5      | Found a shimmering altar of Xom.
  5187 | D:5      | Found a shimmering altar of Xom.
  5244 | D:5      | Noticed M4edhros's ghost (novice OpAr)
  5274 | D:5      | Killed M4edhros's ghost
  5313 | D:5      | Noticed a moth of wrath
  5316 | D:5      | Found a bloodstained altar of Trog.
  5693 | D:5      | Reached XP level 9. HP: 59/65 MP: 0/14
  5867 | D:5      | Reached * piety under Dithmenos
  6069 | D:6      | Found a staircase to the Ecumenical Temple.
  7212 | D:6      | Reached skill level 5 in Fighting
  7556 | D:6      | Found Maymeymu's Food Shop.
  7676 | D:6      | Found a deep blue altar of Sif Muna.
  7752 | D:6      | Reached skill level 5 in Polearms
  7881 | D:6      | Reached ** piety under Dithmenos
  8029 | D:7      | Noticed Menkaure
  8040 | D:7      | Killed Menkaure
  8061 | D:7      | Reached skill level 5 in Dodging
  8318 | D:7      | Learned a level 4 spell: Fulminant Prism
  8664 | D:7      | Found a shattered altar of Ashenzari.
  8828 | D:7      | Noticed Prince Ribbit
  8861 | D:7      | Killed Prince Ribbit
  8861 | D:7      | Reached skill level 1 in Armour
  8861 | D:7      | Reached XP level 10. HP: 25/74 MP: 1/17
  8873 | D:7      | Learned a level 4 spell: Iskenderun's Mystic Blast
  9143 | D:8      | Reached skill level 1 in Hexes
  9331 | D:8      | Noticed Erica
  9336 | D:8      | You fall through a shaft for 3 floors!
  9336 | D:11     | Found Mofen's Jewellery Emporium.
  9342 | D:11     | Bought a +3 amulet of reflection for 325 gold pieces
  9406 | D:10     | Entered Level 10 of the Dungeon
  9447 | D:10     | Noticed a hill giant
  9461 | D:10     | Killed a hill giant
  9461 | D:10     | Reached skill level 5 in Spellcasting
  9840 | D:10     | Found a staircase to the Lair.
  9840 | D:10     | Noticed an oklob plant
  9925 | D:10     | Mangled by a wyvern

Skill      XL: |  1  2  3  4  5  6  7  8  9 10 |
---------------+-------------------------------+-----
Conjurations   | 4 5 6 7 |  7.0
Shields        | 1 2 3 5 6 7 |  7.6
Polearms       | 2 3 5 |  5.3
Fighting       | 2 4 5 |  5.3
Dodging        | 2 3 5 |  5.7
Spellcasting   | 3 4 5 |  5.1
Armour         | 1 2 |  2.4
Hexes          | 2 |  2.3
Stealth        | |  2.4

Action                   |  1- 3 |  4- 6 |  7- 9 | 10-12 || total
-------------------------+-------+-------+-------+-------++-------
Melee: Unarmed           |    13 |       |     1 |       ||    14
       Dagger            |    13 |       |       |       ||    13
       Hand axe          |    42 |   105 |       |       ||   147
       Whip              |       |       |   314 |    44 ||   358
       Halberd           |       |       |     8 |       ||     8
 Fire: Hunting sling     |     8 |       |       |       ||     8
 Cast: Magic Dart        |    19 |     7 |     8 |       ||    34
       Searing Ray       |       |     7 |    38 |    15 ||    60
       Dazzling Spray    |       |       |     7 |       ||     7
 Abil: Dig               |       |       |     2 |       ||     2
       Shaft Self        |       |       |       |     2 ||     2
  Use: Potion            |       |     8 |     7 |     1 ||    16
       Scroll            |       |       |       |     1 ||     1
 Stab: Sleeping          |     1 |     4 |     6 |       ||    11
       Invisible         |       |     2 |     9 |       ||    11
  Eat: Chunk             |     3 |     2 |    14 |     1 ||    20
       Meat ration       |       |     1 |     1 |     1 ||     3
       Beef jerky        |       |       |       |     1 ||     1
Armor: Robe              |    12 |    10 |    58 |     2 ||    82
       Skin              |       |    14 |     1 |       ||    15
Dodge: Dodged            |    55 |    65 |   270 |    42 ||   432
Block: Buckler           |     6 |    18 |    81 |       ||   105
       Shield            |       |       |    34 |    38 ||    72
